 Dungeon Crawl Stone Soup version 0.28.0-45-g0d030f2227 (webtiles) character file.

Game seed: 2260133901233718167

207 protoss039 the Sneak (level 5, 0/24 HPs)
             Began as a Spriggan Enchanter on Apr 11, 2022.
             Succumbed to an adder's poison
             ... in a sewer.
             The game lasted 00:09:57 (4529 turns).

protoss039 the Sneak (Spriggan Enchanter)           Turns: 4529, Time: 00:09:57

Health: 0/24       AC:  2    Str:  4    XL:     5   Next: 54%
Magic:  10/10      EV: 18    Int: 16    God:
Gold:   156        SH:  0    Dex: 18    Spells: 2/10 levels left

rFire   + . .      SeeInvis +   a - +1 dagger
rCold   + . .      Faith    .   (no shield)
rNeg    . . .      Spirit   .   b - +0 robe
rPois   +          Reflect  .   (helmet restricted)
rElec   +          Harm     .   (no cloak)
rCorr   +          Rampage  .   (gloves unavailable)
Will    .....                   (boots unavailable)
Stlth   +++.......              (no amulet)
HPRegen 0.08/turn               (no ring)
MPRegen 0.12/turn               (no ring)

@: lethally poisoned (0 -> -3), resistant, hasted, very quick
A: very small, no large weapons, unfitting armour, see invisible, speed 3
a: no special abilities


You were in a sewer.
You visited 1 branch of the dungeon, and saw 3 of its levels.
You also visited: Sewer.

You collected 156 gold pieces.

Inventory:

Hand Weapons
 a - a +1 dagger (weapon)
Missiles
 l - 2 throwing nets (quivered)
Armour
 b - a +0 robe (worn)
Scrolls
 d - a scroll of fog {unknown}
 f - 2 scrolls of fear {unknown}
 g - 3 scrolls of identify {unknown}
 k - a scroll of enchant weapon {unknown}
 o - a scroll of blinking {unknown}
 p - a scroll of teleportation {unknown}
Potions
 i - a potion of might
 m - a potion of magic {unknown}
 n - 5 potions of flight


   Skills:
 + Level 2.6 Short Blades
 - Level 3.0 Dodging
 + Level 6.1 Stealth
 - Level 3.0 Spellcasting
 * Level 5.0 Hexes
 * Level 2.0 Ice Magic


You had 2 spell levels left.
You knew the following spells:

 Your Spells              Type           Power      Damage    Failure   Level
a - Ensorcelled Hibernat  Hex/Ice        26%        N/A       7%          2
b - Confusing Touch       Hex            18%        N/A       7%          3
c - Tukima's Dance        Hex            18%        N/A       7%          3

Your spell library contained the following spells:

 Spells                   Type           Power      Damage    Failure   Level
 Dazzling Flash           Conj/Hex       20%        N/A       21%         3
 Leda's Liquefaction      Hex/Erth       5%         N/A       54%         4
 Lee's Rapid Deconstruct  Erth           1%         3d5*      99%         5
 Statue Form              Tmut/Erth      1%         N/A       100%        6


Dungeon Overview and Level Annotations

Branches:
Dungeon (3/15)              Sewer (1/1)

Altars:


Innate Abilities, Weirdness & Mutations

You are very small and have problems with some larger weapons.
You are too small for most types of armour.
You have supernaturally acute eyesight. (SInv)
You cover ground extremely quickly. (Speed+++)


Message History

* * * LOW HITPOINT WARNING * * *
You feel sick. The adder closely misses you.
You enter the shallow water.
Moving in this stuff is going to be slow.
You feel sick. The adder misses you.
You feel sick. The adder misses you.
Okay, then.
Okay, then.
It was a potion of might.
You feel very mighty all of a sudden.
You feel sick. The adder closely misses you. The adder misses you.
Unknown command.
Unknown command.
It was a potion of cancellation.
Your magical effects are unravelling.
You feel magically purged.
You feel a little less mighty now.
You feel sick. The adder barely misses you. The adder completely misses you.
The adder bites you.
* * * LOW HITPOINT WARNING * * *
Unknown command.
It was a potion of curing.
You feel better. The adder bites you.
* * * LOW HITPOINT WARNING * * *
The adder barely misses you. The adder bites you.
* * * LOW HITPOINT WARNING * * *
You are poisoned.
The adder poisons you! The adder bites you.
* * * LOW HITPOINT WARNING * * *
Unknown command.
It was a potion of resistance.
You feel protected.
* * * LOW HITPOINT WARNING * * *
You feel sick. The adder completely misses you. The adder misses you.
The adder completely misses you. The adder bites you.
* * * LOW HITPOINT WARNING * * *
Unknown command.
Unknown command.
Unknown command.
It was a potion of haste.
You feel yourself speed up.
You die...

...........≈≈≈≈≈.#
''#####''#####≈≈≈# ...#
#!.?.# #≈≈≈# #### ######
#≈≈.# #######
##############≈≈≈###.....###
≈≈≈.≈≈.≈≈≈≈≈≈≈≈≈≈##........##
≈≈≈≈≈≈≈≈≈≈≈≈≈≈.≈.####.......#
≈≈≈≈≈≈.≈≈≈.≈.≈≈SS# ###....##
##############≈S@####......#
#≈≈≈##...≈.≈###
##############≈≈≈.†≈†..######
≈≈≈≈.≈.≈.≈.≈≈≈≈≈≈≈†≈≈.≈≈≈≈≈≈#
≈≈≈≈≈≈≈≈≈≈≈≈≈≈≈≈≈≈≈≈≈≈≈≈≈≈≈≈#
≈≈≈≈≈≈≈≈≈≈≈≈≈≈≈≈≈≈≈≈≈≈≈≈≈≈≈≈#
#############################


You could see 3 adders.

Vanquished Creatures
  4 gnolls
  4 adders
  4 river rats (Sewer)
  6 worms
  A dart slug (D:1)
  2 orcs (D:3)
  10 ball pythons
  7 bats
  10 giant cockroaches
  6 goblins
  3 hobgoblins
  5 jackals (Sewer)
  3 kobolds (D:1)
  3 quokkas
  3 frilled lizards
  4 rats
75 creatures vanquished.

Notes
Turn   | Place    | Note
-------+----------+-------------------------------------------
     0 | D:1      | protoss039 the Spriggan Enchanter began the quest for the
                  | Orb.
     0 | D:1      | Reached XP level 1. HP: 9/9 MP: 5/5
     6 | D:1      | Noticed a killer bee
     6 | D:1      | Noticed an eight-headed hydra
     7 | D:1      | Noticed an anaconda
   219 | D:1      | Reached skill level 5 in Stealth
   234 | D:1      | Reached XP level 2. HP: 13/13 MP: 6/6
   237 | D:1      | Learned a level 2 spell: Ensorcelled Hibernation
  1192 | D:2      | Reached XP level 3. HP: 7/16 MP: 2/8
  1696 | D:2      | Reached skill level 1 in Ice Magic
  1871 | D:2      | Reached XP level 4. HP: 8/21 MP: 4/9
  2620 | D:2      | Learned a level 3 spell: Confusing Touch
  2624 | D:2      | Learned a level 3 spell: Tukima's Dance
  2698 | D:3      | Found a faded altar of an unknown god.
  2729 | D:3      | Found a glowing drain.
  2885 | Sewer    | Entered a sewer
  3389 | Sewer    | Reached XP level 5. HP: 22/24 MP: 5/10
  4089 | Sewer    | Reached skill level 6 in Stealth
  4425 | Sewer    | Reached skill level 5 in Hexes
  4528 | Sewer    | HP: 1/24 [adder (1)]
  4529 | Sewer    | Succumbed to an adder's poison

Illustrated notes

Levels and vault maps discovered:
D:1:      onia_arrival_zoo_common, layout_loops_ring
D:2:      layout_basic
D:3:      layout_rooms, ebering_ecumenical_altar_box,
          cheibrodos_sewer_entry_sluice, serial_park_tiny_1, minivault_24
Sewer:    sewer_fruit_machine

Skill      XL: |  1  2  3  4  5 |
---------------+----------------+-----
Dodging        | 3 |  3.0
Stealth        | 5 6 |  6.1
Spellcasting   | 3 |  3.0
Hexes          | 4 5 |  5.0
Ice Magic      | 1 2 |  2.0
Short Blades   | 2 |  2.6

Action                   |  1- 3 |  4- 6 || total
-------------------------+-------+-------++-------
Melee: Dagger            |    72 |   130 ||   202
       Punch             |       |     2 ||     2
 Cast: Ensorcelled Hiber |    16 |    65 ||    81
       Confusing Touch   |       |     4 ||     4
  Use: Potion            |       |     6 ||     6
 Stab: Sleeping          |    19 |    40 ||    59
       Confused          |       |     3 ||     3
Armor: Robe              |     3 |    10 ||    13
Dodge: Dodged            |    48 |   107 ||   155
